 Dungeon Crawl Stone Soup version 0.29.1-1-gd02db6906a (webtiles) character file.

Game seed: 4578028002022141933

71 RogueRain17 the Chopper (level 4, -3/33 HPs)
             Began as a Demonspawn Gladiator on Sept 22, 2022.
             Killed from afar by an orc wizard (7 damage)
             ... with a magic dart
             ... on level 3 of the Dungeon.
             The game lasted 00:02:37 (1955 turns).

RogueRain17 the Chopper (Demonspawn Gladiator)      Turns: 1955, Time: 00:02:39

Health: -3/33      AC:  4    Str: 15 (16) XL:     4   Next: 5%
Magic:  4/4        EV: 12    Int:  7 (9)  God:
Gold:   108        SH:  0    Dex: 14 (15) Spells: 3/3 levels left

rFire   . . .      SeeInvis .   a - +0 war axe
rCold   . . .      Faith    .   (no shield)
rNeg    . . .      Spirit   .   b - +0 leather armour
rPois   .          Reflect  +   (helmet restricted)
rElec   .          Harm     .   (no cloak)
rCorr   .          Rampage  .   (no gloves)
Will    .....                   h - +0 pair of boots
Stlth   +.........              n - amulet of reflection
HPRegen 0.11/turn               (no ring)
MPRegen 0.18/turn               (no ring)

@: confused, mighty, studying Maces & Flails
A: antennae 1, ignite blood 1, magic regeneration
a: no special abilities


You were on level 3 of the Dungeon.
You visited 1 branch of the dungeon, and saw 3 of its levels.

You collected 108 gold pieces.

Inventory:

Hand Weapons
 a - a +0 war axe (weapon)
Missiles
 d - 3 throwing nets (quivered)
 e - a javelin
Armour
 b - a +0 leather armour (worn)
 c - a +0 helmet
 h - a +0 pair of boots (worn)
Jewellery
 n - an amulet of reflection (around neck)
Scrolls
 g - 2 scrolls of poison {unknown}
 j - a scroll of acquirement {unknown}
 o - a scroll of vulnerability {unknown}
 p - a scroll of fear {unknown}
Potions
 f - a potion of magic {unknown}
 i - a potion of curing {unknown}
 l - a potion of might
 m - a potion of berserk rage {unknown}


   Skills:
 - Level 2.0 Fighting
 * Level 4.0 Axes
 - Level 1.7 Throwing
 + Level 3.3 Dodging


You had 3 spell levels left.
You didn't know any spells.
Your spell library contained the following spells:

 Spells                   Type           Power      Damage    Failure   Level
 Sublimation of Blood     Necr           0%         N/A       65%         2
 Wereblood                Tmut           0%         N/A       65%         2
 Ozocubu's Armour         Ice            0%         N/A       86%         3
 Metabolic Englaciation   Hex/Ice        0%         N/A       100%        5
 Simulacrum               Ice/Necr       0%         N/A       100%        6
 Summon Hydra             Summ           0%         N/A       100%        7


Dungeon Overview and Level Annotations

Branches:
Dungeon (3/15)

Altars:


Innate Abilities, Weirdness & Mutations

You have a pair of small antennae on your head.
Your demonic aura sometimes causes spilled blood to erupt in flames.
You regenerate magic rapidly.


Message History

You slash the orc!
You kill the orc!
The orc wizard casts a spell.
The orc wizard flickers and vanishes!
Deactivating autopickup; reactivate with Ctrl-A.
Things that are here:
a +0 mace; 3 boomerangs; a +0 robe The frilled lizard barely misses you.
You block something's attack.
You closely miss the frilled lizard. You barely miss something.
The frilled lizard barely misses you. Something hits you.
The frilled lizard bites you but does no damage.
You hear some strange, mumbled words.
A puff of flame appears from out of thin air!
The puff of flame hits you!
You are too injured to fight recklessly!
You are too injured to fight recklessly!
You barely miss something. You miss the frilled lizard.
The frilled lizard closely misses you. Something hits you.
* * * LOW HITPOINT WARNING * * *
You barely miss something. You closely miss the frilled lizard.
The frilled lizard barely misses you. Something hits you but does no damage.
You miss something. You closely miss the frilled lizard.
The frilled lizard closely misses you.
You hear some strange, mumbled words.
You are confused.
The frilled lizard bites you but does no damage.
Something hits you.
* * * LOW HITPOINT WARNING * * *
It was a potion of degeneration.
There was something very wrong with that liquid.
You feel weakened.
You feel dopey.
You feel clumsy. The frilled lizard barely misses you. Something hits you.
* * * LOW HITPOINT WARNING * * *
It was a potion of might.
You feel very mighty all of a sudden. The frilled lizard barely misses you.
You hear some strange, mumbled words.
A magic dart appears from out of thin air!
The magic dart hits you!
You die...

##.#.# ##..#####
##..!.# #..#
####.....#######..#
..................#
##.......######.##
#.....)..# #.#
...###)##..#####.#
# #...........#
#@.#..#######
#..{l....#
............#
..###......##
>.......# ###...###
##.## #..


You could see a frilled lizard.

Vanquished Creatures
  2 adders (D:2)
  A dart slug (D:1)
  2 orcs (D:3)
  4 ball pythons
  4 bats
  9 endoplasms
  2 giant cockroaches
  3 goblins
  3 hobgoblins
  6 jackals
  A quokka (D:1)
  A frilled lizard (D:1)
  A kobold (D:1)
  3 rats (D:1)
42 creatures vanquished.

Notes
Turn   | Place    | Note
-------+----------+-------------------------------------------
     0 | D:1      | RogueRain17 the Demonspawn Gladiator began the quest for
                  | the Orb.
     0 | D:1      | Reached XP level 1. HP: 16/16 MP: 1/1
     6 | D:1      | Noticed a snapping turtle
     6 | D:1      | Noticed a polar bear
     6 | D:1      | Noticed a black mamba
     7 | D:1      | Noticed a wolf
   273 | D:1      | Reached skill level 3 in Axes
   277 | D:1      | Gained mutation: Your demonic aura sometimes causes spilled
                  | blood to erupt in flames. [demonic ancestry]
   277 | D:1      | Reached XP level 2. HP: 11/22 MP: 2/2
   882 | D:1      | Found a faded altar of an unknown god.
   997 | D:1      | Gained mutation: You regenerate magic rapidly. [demonic
                  | ancestry]
   997 | D:1      | Reached XP level 3. HP: 27/27 MP: 3/3
  1654 | D:2      | Identified the +9 short sword "Unownias" {flame, rElec
                  | rCorr Int-5 Dex-5}
  1775 | D:2      | Reached skill level 4 in Axes
  1945 | D:3      | Discovered your monstrous ancestry.
  1945 | D:3      | Gained mutation: You have a pair of small antennae on your
                  | head. [demonic ancestry]
  1945 | D:3      | Reached XP level 4. HP: 26/33 MP: 4/4
  1955 | D:3      | Killed from afar by an orc wizard

Illustrated notes

Levels and vault maps discovered:
D:1:      onia_arrival_zoo_common, layout_basic,
          hellmonk_ecumenical_altar_blasted
D:2:      layout_loops_ring, minmay_between
D:3:      layout_loops_ring, mainiacjoe_overflow_cross_hatched

Skill      XL: |  1  2  3 |
---------------+----------+-----
Axes           | 3 4 |  4.0
Dodging        | 3 |  3.3
Fighting       | |  2.0
Throwing       | |  1.7

Action                   |  1- 3 |  4- 6 || total
-------------------------+-------+-------++-------
Melee: War axe           |   110 |     5 ||   115
       Punch             |     1 |       ||     1
  Use: Potion            |       |     2 ||     2
 Stab: Sleeping          |     1 |       ||     1
Armor: Leather armour    |    37 |     3 ||    40
Dodge: Dodged            |    82 |     7 ||    89
Block: Other             |     5 |     1 ||     6
       Reflection        |     1 |       ||     1
